← All builds
Geo / Armada / Economy first / OBSERVED BUILD

Standard geo

Eco-first Geo build that rushes geothermal power and T2 constructor before transitioning into Starlight-led T2 units for front, the role's baseline play.

Usually blows up the commander for T2 (67%)

#eco #t2 · 749 distinct matches · 110 players · 59% of Armada Geo games · team won 54% of 843 · Recently observed

HOW TO PLAY IT

Key timing: Geothermal Powerplant by 3:26

  1. Open mex and wind into Bot Lab.
  2. Rush geothermal for the early energy spike.
  3. Add Advanced Metal Extractor, then Advanced Geothermal by 7:07.
  4. Bring up Vehicle Plant alongside T2 con for "Starlight" and vehicles.
  5. Funnel "Starlight" and T1 vehicles to front, pay allies with cons and "Lazarus".

Phase by phase

TYPICAL OF ITS 749 GAMES
  1. 1
  2. 2
  3. 3
  4. 4
PLAY THE OPENING

Follow the example game's first 6:00 step by step: what to build now, what comes next, and where it goes. At 1× it keeps pace with your own game.

  1. 1

    Up to the Bot Lab

    Economy
    • Metal Extractor2Mex
    • Wind Turbine4Wind
    Order
    1. Bot LabBot Lab after 2 mex, 4 winddone ~1:11, middle half 0:58–1:22

    By 0:55 in all: 2 mex · 4 wind

    The example game in this phase · 3 steps
    1. Mex ×2
    2. Wind ×3
    3. Bot LabBot Labdone 0:52 · typical 1:11
  2. 2

    Bot Lab to 5:00

    Economy
    • Metal Extractor2Mex
    • Wind Turbine3Wind
    • Energy Converter8Converter
    • Energy Storage1Energy storage
    Order
    1. Geothermal PowerplantGeo after 4 mex, 5 wind, 1 energy storage
    Builders
    • Construction Turret5 Con turret
    • Lazarus4 Lazarus
    • Construction Bot2 Con bot
    • Construction Bot1 Con bot for allies
    • Lazarus1 Lazarus for allies

    By 5:00 in all: 4 mex · 7 wind · 1 geo · 8 converter · 1 energy storage · 5 con turret

    The example game in this phase · 33 steps
    1. Wind
    2. LazarusLazarus
    3. Wind ×3
    4. TickTick
    5. LazarusLazarus ×2
    6. TickTick
    7. LazarusLazarus
    8. Construction BotCon bot ×2
    9. Con turret
    10. LazarusLazarus
    11. Mex ×2
    12. Energy storage
    13. LazarusLazarus
    14. PawnPawn ×2
    15. Wind
    16. Geothermal PowerplantGeodone 3:41 · typical 3:26
    17. LazarusLazarus
    18. Wind
    19. Mex
    20. LazarusLazarus
    21. Wind ×3
    22. Con turret
    23. Wind
    24. Converter ×3
    25. Wind
    26. Converter
    27. Wind
    28. Converter
    29. Wind
    30. Con turret ×2
    31. Converter ×5
    32. Wind
    33. Converter
  3. 3

    5:00 to Vehicle Plant

    Order
    1. Advanced Geothermal PowerplantAdvanced Geothermal Powerplant after 8 wind, 10 converter, 6 con turretin 59% of games
    2. Vehicle PlantVehicle Plant after 10 wind, 10 converter, 6 con turretdone ~7:07, middle half 6:41–7:40
    Builders
    • Construction Turret1 Con turret

    Some games also: converter (49%) · wind (48%)

    By 6:59 in all: 4 mex · 10 wind · 1 geo · 1 Advanced Geothermal Powerplant · 10 converter · 1 energy storage

    The example game in this phase · 54 steps
    1. Wind
    2. Converter
    3. Wind
    4. Converter
    5. Wind
    6. Converter
    7. Wind ×2
    8. Radar TowerRadar Tower
    9. Converter
    10. Wind ×2
    11. Converter
    12. Wind ×2
    13. Converter
    14. Wind
    15. Metal storage
    16. Converter
    17. Wind ×2
    18. Converter
    19. Wind ×2
    20. Converter
    21. Wind ×4
    22. Converter
    23. Wind
    24. Bot LabBot Labdone 6:25
    25. Converter ×2
    26. PawnPawn
    27. Wind
    28. PawnPawn
    29. Converter
    30. PawnPawn
    31. Converter
    32. Wind
    33. PawnPawn ×2
    34. Converter
    35. PawnPawn
    36. Wind
    37. PawnPawn
    38. Converter
    39. PawnPawn
    40. Wind
    41. PawnPawn
    42. Converter ×4
    43. Con turret
    44. Advanced Metal ExtractorT2 mexdone 7:40 · typical 5:33
    45. Converter
    46. Advanced Metal ExtractorT2 mex
    47. Wind
    48. LazarusLazarus
    49. SentrySentry
    50. Wind ×2
    51. Advanced Metal ExtractorT2 mex
    52. SentrySentry
    53. BeamerBeamer
    54. Vehicle PlantVehicle Plantdone 8:31 · typical 7:07
  4. 4

    Vehicle Plant to 10:00

    Economy
    • Wind Turbine5Wind
    • Energy Converter3Converter
    Order
    1. Advanced Vehicle PlantAdvanced Vehicle Plant after 11 wind, 11 converter, 7 con turret
    Builders
    • Construction Vehicle1 Con vehicle
    Army
    • Starlight2 Starlight
    • Umbra1 Jammer
    • Prophet1 Radar vehicle

    Some games also: con turret (50%) · T2 con vehicle for allies (48%) · Jaguar (31%)

    By 10:00 in all: 4 mex · 20 wind · 1 geo · 1 Advanced Geothermal Powerplant · 16 converter · 1 energy storage

    The example game in this phase · 14 steps
    1. BeamerBeamer
    2. BlitzBlitz
    3. Advanced Metal ExtractorT2 mex
    4. BlitzBlitz ×2
    5. FerretFerret
    6. BlitzBlitz ×4
    7. CorsairDestroyernot finished by 15:00
    8. Naval Construction Turret
    9. Converter
    10. BlitzBlitz
    11. SentrySentry
    12. BlitzBlitz ×3
    13. SentrySentry
    14. BlitzBlitz ×4

Counts are medians over the build's games: half of them build more, half fewer. The example game is LobsterMeat's (40 OS, 27/09/2026); pick another.

Team trades

IN AT LEAST 30% OF ITS GAMES

You hand over

  • Lazarus1 Lazarus to Beach seafirst at 2:16 · in 77% of games
  • Construction Bot1 Con bot to Beach seafirst at 2:30 · in 88% of games
  • Advanced Construction Vehicle1 T2 con vehicle to Suicide front or Frontfirst at 8:52 · in 62% of games

You get

  • Hercules1 Light transport from Airfirst at 4:19 · in 34% of games
  • Advanced Construction Bot1 T2 con bot from Techfirst at 4:48 · in 95% of games

How it plays out

Typical game of this build, running totals by minute

Metal produced

020k40k
0:005:0010:0015:00

metal

Enemy metal destroyed

05k10k15k
0:005:0010:0015:00

metal

Own metal lost

02.5k5k7.5k
0:005:0010:0015:00

metal

843 games.

Show as table
ByMetal produced: This buildEnemy metal destroyed: This buildOwn metal lost: This build
1:0033300
2:0082700
3:00152800
4:00270700
5:00373200
6:00572700
7:00816600
8:0011505021
9:001453251130
10:0017435630320
11:00204162108831
12:002336940291940
13:002613961873295
14:002902585104756
15:0031663103966186
WHAT THE NUMBERS SAY

Standard Geo build dominates the resource numbers, with zero own losses through 10:00 and a huge metal lead by 15:00.

  • + Metal produced hits 31426 by 15:00, highest of all six builds
  • + Own metal lost is 0 by 5:00 and only 334 by 10:00
  • − First Starlight only arrives in 57% of games by 9:19
  • − Advanced geothermal lands in just 69% of games by 7:16
THE EXAMPLE YOU ARE READING

LobsterMeat

40.0 OS · 27/09/2026

Open source match ↗

67 received units · includes a constructor
695 metal received · 49985 energy received

Allied construction assistance is unknown. Timings are observations, not a promise of solo reproducibility.

Typical milestones

Bot Lab1:11Middle 50%: 0:58–1:22 · n=842
Geothermal Powerplant3:26Middle 50%: 3:10–3:42 · n=841
Advanced Metal Extractor5:33Middle 50%: 5:17–5:56 · n=840
Advanced Geothermal Powerplant7:06Middle 50%: 6:49–7:33 · n=604
Vehicle Plant7:07Middle 50%: 6:41–7:40 · n=803
Advanced Vehicle Plant8:07Middle 50%: 7:40–8:47 · n=765
Starlight9:02Middle 50%: 8:32–9:52 · n=669

Played most by

0neTw086games of this buildzeus_on_god86games of this buildViltrum54games of this buildDamsko44games of this buildXad42games of this build